 Dungeon Crawl Stone Soup version 0.27-a0-1612-gde56a17b89 (webtiles) character file.

Game seed: 14349243862949042502

104 dickylongcocking the Magician (level 5, -8/36 HPs)
             Began as a Djinni Fire Elementalist on July 19, 2021.
             Killed from afar by Ijyb (16 damage)
             ... with an iceblast
             ... on level 3 of the Dungeon on July 22, 2021.
             The game lasted 00:03:09 (3036 turns).

dickylongcocking the Magician (DjFE)                Turns: 3036, Time: 00:03:10

Health: -8/36      AC:  4    Str:  7    XL:     5   Next: 7%
Gold:   46         EV: 12    Int: 17    God:
                   SH:  0    Dex: 14

rFire    + + .     SeeInvis .   c - +0 falchion
rCold    x . .     Faith    +   (no shield)
rNeg     . . .     Spirit   .   e - +0 leather armour
rPois    ∞         Reflect  .   (no helmet)
rElec    .         Harm     .   (no cloak)
rCorr    .         Rampage  .   i - +0 pair of gloves
Will     .....                  (boots unavailable)
Stlth    ++........             g - amulet of faith
HPRegen  0.12/turn              (no ring)
MPRegen  0.00/turn              (no ring)

@: flying, very slightly contaminated
A: sickness immunity, fire resistance 2, cold vulnerability 1, float, innate
caster, hp casting, extra vitality 1
a: no special abilities


You were on level 3 of the Dungeon.
You visited 1 branch of the dungeon, and saw 3 of its levels.

You collected 46 gold pieces.

Inventory:

Hand Weapons
 b - a +0 club
 c - a +0 falchion (weapon)
Armour
 a - a +0 robe
 e - a +0 leather armour (worn)
 i - a +0 pair of gloves (worn)
Jewellery
 g - an amulet of faith (around neck)
Scrolls
 f - a scroll of teleportation {unknown}
 j - a scroll of amnesia {unknown}
Potions
 h - a potion of haste {unknown}


   Skills:
 + Level 0.7 Fighting
 + Level 0.2 Long Blades
 + Level 3.1 Dodging
 + Level 1.9 Stealth
 + Level 3.6 Spellcasting


You couldn't memorise any spells.
You knew the following spells:

 Your Spells              Type           Power      Damage    Failure   Level
a - Foxfire               Conj/Fire      60%        2x1d7     5%          1
b - Conjure Flame         Conj/Fire      15%        6-21      17%         3
c - Inner Flame           Hex/Fire       15%        N/A       17%         3
d - Sticky Flame          Conj/Fire      15%        2d4       50%         4
e - Fireball              Conj/Fire      7%         3d5       83%         5
f - Animate Skeleton      Necr           30%        N/A       5%          1
p - Poisonous Vapours     Pois/Air       30%        N/A       9%          2
Your spell library was empty.

Dungeon Overview and Level Annotations

Branches:
Dungeon (3/15)

Altars:
Wu Jian

Annotations:
D:3 Ijyb


Innate Abilities, Weirdness & Mutations

You are immune to sickness and miasma.
You are immune to poison.
Your flesh is very heat resistant. (rF++)
You are vulnerable to cold. (rC-)
You float through the air rather than walking.
You learn spells naturally, not from books.
Your magical power is your life essence.
You have superior vitality. (+4 HP)


Message History

Casting: Poisonous Vapours (safe; 9% risk of failure)
Confirm with . or Enter, or press ? or * to list all spells.
You conjure some foxfire!
The foxfire hits Ijyb but does no damage.
Ijyb is moderately wounded.
Unknown command.
Unknown command.
Unknown command.
You hit Ijyb.
Ijyb is moderately wounded.
The foxfire hits Ijyb.
Ijyb is moderately wounded.
Unknown command.
Unknown command.
Unknown command.
Casting: Foxfire (safe; 5% risk of failure)
Confirm with . or Enter, or press ? or * to list all spells.
You conjure some foxfire!
Ijyb hits you with a +0 club!
Unknown command.
Unknown command.
Press: ? - help, v - describe, . - travel
Here: Ijyb, wielding a +0 club, wearing a +0 leather armour, quivering stones and carrying a wand of iceblast (4) (moderately wounded, strong, very poisoned, ally target)
The floor.
Unknown command.
Your foxfire dissipates!
The foxfire hits Ijyb.
Ijyb is heavily wounded.
Ijyb throws a stone.
The stone barely misses you.
Unknown command.
Ijyb hits you with a +0 club.
Casting: Foxfire (safe; 5% risk of failure)
Confirm with . or Enter, or press ? or * to list all spells.
Okay, then.
Ijyb zaps a wand.
The mass of ice explodes!
The iceblast engulfs you!
You feel a painful chill!
* * * LOW HITPOINT WARNING * * *
There is an open door here.
Ijyb zaps a wand.
The mass of ice explodes!
The iceblast engulfs you!
You feel a painful chill!
You die...

###.##.......#.# #
#...###..#####.########..#..
#..#...#.# #.##...........
.#..8.⌠## #.##.##...#....
..#.8..#######.##.##...# .
#...#∩#⌠#.##.##.##...#
....#⌠#_#...###.##.##...'.
.....###..8.#...##g##..[###
..... #⌠.8..#..@'..####..
.......#...#....##.# ###
###.....###.....####
#........#....#
#........###### #.......
#####


You could see Ijyb (strong, very poisoned).

Vanquished Creatures
  Terence (D:3)
  An orc wizard (D:3)
  An adder (D:2)
  2 dart slugs (D:2)
  An orc (D:3)
  3 bats
  3 endoplasms (D:2)
  2 giant cockroaches (D:1)
  3 goblins
  8 jackals
  4 kobolds
  2 quokkas
  4 ball pythons
  2 frilled lizards
  4 rats
41 creatures vanquished.

Vanquished Creatures (others)
  131 foxfires
131 creatures vanquished.

Grand Total: 172 creatures vanquished

Notes
Turn   | Place    | Note
-------+----------+-------------------------------------------
     0 | D:1      | dickylongcocking the Djinni Fire Elementalist began the
                  | quest for the Orb.
     0 | D:1      | Reached XP level 1. HP: 15/15 MP: 0/0
   151 | D:1      | Upgraded the game from 0.27-a0-1591-gc56fcc985a to
                  | 0.27-a0-1612-gde56a17b89
   427 | D:1      | Reached XP level 2. HP: 17/21 MP: 0/0
  1545 | D:2      | Reached XP level 3. HP: 15/25 MP: 0/0
  1545 | D:2      | Learned a level 1 spell: Animate Skeleton
  2584 | D:2      | Found an ornate altar of the Wu Jian Council.
  2621 | D:3      | Reached XP level 4. HP: 25/31 MP: 0/0
  2722 | D:3      | Noticed Terence
  2748 | D:3      | HP: 1/31 [something (3)]
  2748 | D:3      | Killed Terence
  2880 | D:3      | Reached XP level 5. HP: 28/36 MP: 0/0
  2880 | D:3      | Learned a level 2 spell: Poisonous Vapours
  2987 | D:3      | Found a faded altar of an unknown god.
  3008 | D:3      | Noticed Ijyb
  3036 | D:3      | Killed from afar by Ijyb

Illustrated notes

Levels and vault maps discovered:
D:1:      saegor_arrival_under_anarchy, layout_loops_ring
D:2:      layout_basic, basic_altar
D:3:      layout_basic, shapermc_ecumenical_altar_venn,
          chequers_serial_rivers_micro_c, uniq_terence, uniq_ijyb

Skill      XL: |  1  2  3  4 |
---------------+-------------+-----
Spellcasting   | 3 |  3.6
Dodging        | 3 |  3.1
Fighting       | |  0.7
Long Blades    | |  0.2
Stealth        | |  1.9

Action                   |  1- 3 |  4- 6 || total
-------------------------+-------+-------++-------
Melee: Club              |     3 |       ||     3
       Falchion          |    20 |     5 ||    25
 Cast: Foxfire           |    72 |    24 ||    96
       Inner Flame       |       |     1 ||     1
       Poisonous Vapours |       |     3 ||     3
  Use: Potion            |       |     4 ||     4
Armor: Robe              |     7 |     3 ||    10
       Leather armour    |       |     5 ||     5
Dodge: Dodged            |    29 |    18 ||    47
       Rpst.: Falchion   |     2 |     5 ||     7

Table legend: (Time is in decaauts)
 A = Elapsed time spent in this place.
 B = Non-inter-level travel time spent in this place.
 C = Inter-level travel time spent in this place.
 D = Time resting spent in this place.
 E = Time spent auto-exploring this place.
 F = Levels seen in this place.
 G = Mean time per level.
                   A        B        C        D        E       F      G
               +--------+--------+--------+--------+--------+-----+--------+
         Total |   3042 |   2983 |     59 |    369 |   2217 |   3 | 1014.0 |
       Dungeon |   3042 |   2983 |     59 |    369 |   2217 |   3 | 1014.0 |
               +--------+--------+--------+--------+--------+-----+--------+

Top non-repeatable levels by time:
     D:1: 1418 daAuts
     D:2: 1193 daAuts
     D:3: 430 daAuts
